 Dungeon Crawl Stone Soup version 0.22.1-2-g9c5b331383 (webtiles) character file.

1627 Marnok the Carver (level 8, -2/71 HPs)
             Began as a Minotaur Gladiator on Jan 3, 2019.
             Slain by a sky beast (7 damage)
             ... on level 6 of the Dungeon.
             The game lasted 00:25:14 (5466 turns).

Marnok the Carver (Minotaur Gladiator)              Turns: 5466, Time: 00:25:17

Health: -2/71      AC:  9    Str: 20    XL:     8   Next: 65%
Magic:  7/7        EV: 15    Int:  5    God:
Gold:   623        SH:  0    Dex: 17    Spells: 7/7 levels left

rFire    . . .     SeeInvis .   h - +0 falchion (slice)
rCold    + . .     Gourm    .   (no shield)
rNeg     . . .     Faith    .   g - +3 leather armour {rF+}
rPois    +         Spirit   .   c - +1 hat
rElec    .         Reflect  .   (no cloak)
rCorr    .         Harm     +   (no gloves)
MR       .....     Clarity  +   m - +2 pair of boots
Stlth    ++........             k - amulet of harm
HPRegen  0.21/turn              o - ring of ice
MPRegen  0.10/turn              (no ring)

@: no status effects
A: retaliatory headbutt, horns 2, agile 1, clarity, deformed body, poison
resistance, screaming 1, strong 1
a: no special abilities


You were on level 6 of the Dungeon.
You were not hungry.

You visited 1 branch of the dungeon, and saw 6 of its levels.
You also visited: Ossuary.

You collected 655 gold pieces.
You paid 32 gold pieces to Gozag.

Inventory:

Hand Weapons
 a - a +0 long sword
 h - a +0 falchion of slicing (weapon)
 r - a +2 dagger of venom
 u - a +2 falchion of holy wrath
 v - a +2 antimagic flail
Missiles
 d - 3 throwing nets (quivered)
 q - 3 poisoned javelins
Armour
 b - a +0 leather armour
 c - a +1 hat (worn)
 g - a +3 leather armour of fire resistance (worn)
 m - a +2 pair of boots (worn)
 w - a scarf of repulsion
Magical Staves
 t - an uncursed staff of wizardry
Jewellery
 k - an amulet of harm (around neck)
 o - a ring of ice (left hand)
Scrolls
 e - 4 scrolls of remove curse
 f - 5 scrolls of identify
 j - 3 scrolls of blinking
 n - 2 scrolls of teleportation
 p - 2 scrolls of fear
Potions
 i - 2 potions of haste
Comestibles
 l - 24 chunks of flesh
 s - 2 rations


   Skills:
 + Level 6.4 Fighting
 + Level 8.9 Long Blades
 + Level 2.1 Throwing
 + Level 4.8 Armour
 + Level 5.9 Dodging
 + Level 2.5 Stealth


You had 7 spell levels left.
You didn't know any spells.
Your spell library contained the following spells:

 Spells                   Type           Power        Failure   Level  Hunger
 Magic Dart               Conj           #...         52%         1    ##.....
 Searing Ray              Conj           #.....       67%         2    ###....
 Dazzling Spray           Conj/Hex       #.....       88%         3    ####...
 Force Lance              Conj/Tloc      #.......     99%         4    #####..
 Fulminant Prism          Conj/Hex       #.........   99%         4    #####..
 Iskenderun's Mystic Bla  Conj           #.......     99%         4    #####..


Dungeon Overview and Level Annotations

Branches:
Dungeon (6/15)
 Temple: D:4-7

Altars:
Cheibriados
Dithmenos
Gozag
Kikubaaqudgha
Nemelex Xobeh
Qazlal


Innate Abilities, Weirdness & Mutations

You reflexively headbutt those who attack you in melee.
You have a pair of horns on your head.
You are agile. (Dex +2)
You possess an exceptional clarity of mind.
Armour fits poorly on your strangely shaped body.
Your system is resistant to poisons. (rPois)
You occasionally shout uncontrollably at your foes.
Your muscles are strong. (Str +2)


Message History

The sky beast shocks you.
* * * LOW HITPOINT WARNING * * *
The sky beast closely misses you. The sky beast barely misses you.
Found a dented golden amulet.
The sky beast hits you but does no damage.
The sky beast closely misses you.
You riposte.
You hit the sky beast.
The sky beast is moderately wounded.
Found 14 gold pieces.
The sky beast hits you.
* * * LOW HITPOINT WARNING * * *
The sky beast shocks you.
* * * LOW HITPOINT WARNING * * *
You miss the sky beast.
You headbutt the sky beast, but do no damage.
The sky beast is moderately wounded.
The sky beast hits you.
* * * LOW HITPOINT WARNING * * *
The sky beast shocks you.
You die...

#..# #$.# #..# #..#
#..# #..# #".# $ #.
#@.# #.# #Y.# # #.#
#..# #. #.# #..##..
##.###.#######..##.#
...................#
####.#.......#######.#
.....#.>.....# #.#
#.)..........# #.#


You could see a sky beast (berserk).

Vanquished Creatures
  5 yaks (D:6)
  A centaur (D:5)
  2 ogres
  A howler monkey (D:4)
  A bullfrog zombie (D:4)
  2 centaur zombies (Ossuary)
  2 hounds
  6 orc wizards
  A worker ant (D:5)
  5 mummies (Ossuary)
  A worker ant zombie (D:5)
  5 adders
  4 gnolls
  2 shadow imps (D:5)
  An ooze (D:4)
  A dart slug (D:1)
  3 worms
  A leopard gecko (D:3)
  23 orcs
  6 giant cockroaches
  3 goblins
  5 hobgoblins
  15 jackals
  A quokka (D:4)
  A ball python (D:1)
  6 bats
  2 frilled lizards (D:2)
  3 hobgoblin zombies (Ossuary)
  9 kobolds
  8 rats
126 creatures vanquished.

Notes
Turn   | Place    | Note
-------+----------+-------------------------------------------
     0 | D:1      | Marnok the Minotaur Gladiator began the quest for the Orb.
     0 | D:1      | Reached XP level 1. HP: 18/18 MP: 0/0
   393 | D:1      | Reached skill level 4 in Long Blades
   393 | D:1      | Reached XP level 2. HP: 25/25 MP: 1/1
  1350 | D:2      | Reached XP level 3. HP: 30/30 MP: 2/2
  1576 | D:2      | Reached skill level 1 in Armour
  1822 | D:2      | Found an opulent altar of Gozag.
  1822 | D:2      | Found a sparkling altar of Nemelex Xobeh.
  1831 | D:2      | Became a worshipper of Gozag Ym Sagoz the Greedy
  1852 | D:2      | Found a stormy altar of Qazlal.
  1853 | D:2      | Noticed an earth elemental
  1854 | D:2      | Noticed an air elemental
  1854 | D:2      | Noticed a water elemental
  1854 | D:2      | Noticed a fire elemental
  2281 | D:3      | Found a shadowy altar of Dithmenos.
  2282 | D:3      | Found a snail-covered altar of Cheibriados.
  2355 | D:4      | Reached XP level 4. HP: 21/37 MP: 3/3
  2357 | D:4      | Gained mutation: Your spells are a little harder to cast,
                  | but a little more powerful. [potion of mutation]
  2357 | D:4      | Gained mutation: You have sharp toenails. [potion of
                  | mutation]
  2357 | D:4      | Gained mutation: Your system is resistant to poisons.
                  | (rPois) [potion of mutation]
  2357 | D:4      | Gained mutation: You possess an exceptional clarity of
                  | mind. [potion of mutation]
  2365 | D:4      | Reached skill level 5 in Long Blades
  2563 | D:4      | Found a sand-covered staircase.
  2568 | Ossuary  | Entered an ossuary
  2589 | Ossuary  | Reached skill level 1 in Stealth
  2752 | Ossuary  | Reached XP level 5. HP: 42/45 MP: 4/4
  3152 | Ossuary  | Lost mutation: You have sharp toenails. [potion of
                  | mutation]
  3152 | Ossuary  | Lost mutation: Your spells are a little harder to cast, but
                  | a little more powerful. [potion of mutation]
  3152 | Ossuary  | Gained mutation: You occasionally shout uncontrollably at
                  | your foes. [potion of mutation]
  3152 | Ossuary  | Gained mutation: Your muscles are strong. (Str +2) [potion
                  | of mutation]
  3152 | Ossuary  | Gained mutation: Armour fits poorly on your strangely
                  | shaped body. [potion of mutation]
  3152 | Ossuary  | Gained mutation: You are agile. (Dex +2) [potion of
                  | mutation]
  3177 | D:4      | Noticed an ogre
  3183 | D:4      | Killed an ogre
  3183 | D:4      | Reached XP level 6. HP: 32/52 MP: 5/5
  3189 | D:4      | Reached skill level 6 in Long Blades
  3377 | D:5      | Entered Level 5 of the Dungeon
  4400 | D:4      | Reached XP level 7. HP: 51/60 MP: 6/6
  4594 | D:5      | Reached skill level 5 in Fighting
  4645 | D:5      | Reached skill level 7 in Long Blades
  4662 | D:5      | Fell from the grace of Gozag
  5182 | D:5      | Found an ancient bone altar of Kikubaaqudgha.
  5363 | D:6      | Noticed a yak
  5363 | D:6      | Noticed a yak
  5363 | D:6      | Noticed a yak
  5363 | D:6      | Noticed a yak
  5364 | D:6      | Noticed a yak
  5379 | D:6      | Killed a yak
  5379 | D:6      | Reached skill level 5 in Dodging
  5388 | D:6      | Killed a yak
  5388 | D:6      | Reached skill level 8 in Long Blades
  5388 | D:6      | Reached XP level 8. HP: 47/70 MP: 7/7
  5466 | D:6      | Slain by a sky beast

Skill      XL: |  1  2  3  4  5  6  7  8 |
---------------+-------------------------+-----
Long Blades    | 4 5 6 8 |  8.9
Armour         | 1 2 3 4 |  4.8
Fighting       | 3 4 5 6 |  6.4
Stealth        | 1 2 |  2.5
Dodging        | 4 5 |  5.9
Throwing       | |  2.1

Action                   |  1- 3 |  4- 6 |  7- 9 || total
-------------------------+-------+-------+-------++-------
Melee: Long sword        |    89 |    58 |       ||   147
       Headbutt          |     7 |    24 |    23 ||    54
       Kick              |       |    19 |       ||    19
       Falchion          |       |    39 |   104 ||   143
Throw: Throwing net      |       |     2 |       ||     2
Invok: Renounce Religion |       |       |     1 ||     1
  Use: Scroll            |     6 |     2 |     1 ||     9
       Potion            |     2 |     7 |     5 ||    14
 Stab: Sleeping          |     1 |     1 |     1 ||     3
       Distracted        |       |     1 |       ||     1
  Eat: Chunk             |     3 |       |     1 ||     4
       Ration            |       |     2 |     1 ||     3
Armor: Leather armour    |    23 |    16 |    23 ||    62
       Skin              |       |       |     4 ||     4
Dodge: Dodged            |    75 |    50 |    96 ||   221
       Rpst.: Long sword |    22 |     5 |       ||    27
       Falchion          |       |     6 |    18 ||    24
